 Dungeon Crawl Stone Soup version 0.29.0-13-gc9e81de378 (webtiles) character file.

Game seed: 4417369610653195264

147500 ragingrage the Slayer (level 17, -4/178 HPs)
             Began as a Hill Orc Monk on Sept 9, 2022.
             Was the Champion of Beogh.
             Slain by a wolf spider simulacrum (10 damage)
             ... on level 4 of the Spider Nest.
             The game lasted 00:55:15 (47385 turns).

ragingrage the Slayer (Hill Orc Monk)              Turns: 47385, Time: 00:55:16

Health: -4/178     AC: 18    Str: 28      XL:     17   Next: 47%
Magic:  0/29       EV:  9    Int: 10      God:    Beogh [******]
Gold:   1263       SH:  9    Dex: 12 (13) Spells: 16/16 levels left

rFire   . . .      SeeInvis +   a - +4 war axe
rCold   + . .      Faith    .   n - +0 kite shield {rPois}
rNeg    . . .      Spirit   +   T - +4 chain mail {rC+}
rPois   +          Reflect  .   v - +1 helmet
rElec   .          Harm     .   P - +0 cloak
rCorr   .          Rampage  .   (no gloves)
Will    +....                   i - +0 pair of boots
Stlth   ..........              J - amulet of guardian spirit
HPRegen 0.39/turn               I - +6 ring of strength
MPRegen 0.21/turn               R - ring of see invisible

@: corroded, studying Fighting
A: walk on water
a: Renounce Religion, Smiting, Recall Orcish Followers, Give Item to Named
Follower, Resurrection


You were on level 4 of the Spider Nest.
You worshipped Beogh.
Beogh was exalted by your worship.
You visited 5 branches of the dungeon, and saw 30 of its levels.
You also visited: Sewer and Ice Cave.

You collected 2847 gold pieces.
You spent 1584 gold pieces at shops.

Inventory:

Hand Weapons
 a - a +4 war axe (weapon)
 b - the +7 mace of Peiniyqu {drain, Will+ Int+6}
   (You found it on level 11 of the Dungeon)

   A truly terrible weapon, it drains the life of any living foe it strikes.
   Int:       It affects your intelligence (+6).
   Will:      It increases your willpower.
 g - a +5 morningstar of freezing
 M - a +2 triple sword of draining
 S - a +4 scimitar of flaming
Missiles
 e - 6 javelins
 X - 3 curare-tipped darts (quivered)
 Y - 4 throwing nets
Armour
 i - a +0 pair of boots (worn)
 n - a +0 kite shield of poison resistance (worn)
 v - a +1 helmet (worn)
 P - a +0 cloak (worn)
 T - a +4 chain mail of cold resistance (worn)
Jewellery
 c - a ring of ice
 x - a +6 ring of strength
 C - a ring of fire
 I - a +6 ring of strength (left hand)
 J - an amulet of guardian spirit (around neck)
 R - a ring of see invisible (right hand)
Wands
 d - a wand of charming (14)
 o - a wand of polymorph (20)
 D - a wand of flame (2)
 L - a wand of light (1)
 Z - a wand of roots (4)
Scrolls
 f - 6 scrolls of poison
 h - 11 scrolls of teleportation
 j - 4 scrolls of fog
 k - 4 scrolls of vulnerability
 p - 8 scrolls of enchant armour
 q - 4 scrolls of blinking
 r - 8 scrolls of identify {@rr}
 s - 7 scrolls of enchant weapon
 u - a scroll of amnesia
 F - 4 scrolls of summoning
 G - 8 scrolls of fear
 H - a scroll of silence
 K - a scroll of magic mapping
 N - 2 scrolls of immolation
 W - a scroll of brand weapon
Potions
 l - 5 potions of haste
 t - a potion of berserk rage
 w - 5 potions of might
 y - a potion of resistance
 z - 6 potions of flight
 A - 6 potions of lignification
 B - 2 potions of invisibility
 O - 3 potions of cancellation
 Q - 4 potions of attraction
 U - 5 potions of ambrosia
 V - 3 potions of curing
Miscellaneous
 m - a phantom mirror (inert)
 E - a phial of floods


   Skills:
 + Level 22.4 Fighting
 + Level 17.9 Axes
 + Level 13.9 Armour
 - Level 6.0 Dodging
 - Level 1.5 Stealth
 + Level 4.4 Shields
 + Level 17.2 Invocations
 - Level 9.0 Evocations


You had 16 spell levels left.
You didn't know any spells.
Your spell library contained the following spells:

 Spells                   Type           Power      Damage    Failure   Level
 Apportation              Tloc           0%         N/A       99%         1
 Freeze                   Ice            0%         1d3       99%         1
 Blink                    Tloc           0%         N/A       99%         2
 Ensorcelled Hibernation  Hex/Ice        0%         N/A       99%         2
 Dazzling Flash           Conj/Hex       0%         N/A       100%        3
 Frozen Ramparts          Ice            0%         1d1       100%        3
 Gell's Gravitas          Tloc           0%         N/A       100%        3
 Lesser Beckoning         Tloc           0%         N/A       100%        3
 Spider Form              Tmut/Pois      0%         N/A       100%        3
 Stone Arrow              Conj/Erth      0%         3d7       100%        3
 Teleport Other           Tloc           0%         N/A       100%        3
 Airstrike                Air            0%         2d(0-16)  100%        4
 Anguish                  Hex/Necr       0%         N/A       100%        4
 Animate Armour           Summ/Erth      0%         N/A       100%        4
 Cause Fear               Hex            0%         N/A       100%        4
 Hailstorm                Conj/Ice       0%         3d3       100%        4
 Summon Lightning Spire   Summ/Air       0%         N/A       100%        4
 Agony                    Necr           0%         N/A       100%        5
 Alistair's Intoxication  Tmut/Pois      0%         N/A       100%        5
 Blade Hands              Tmut           0%         N/A       100%        5
 Fireball                 Conj/Fire      0%         3d3       100%        5
 Lightning Bolt           Conj/Air       0%         1d11      100%        5
 Manifold Assault         Tloc           0%         N/A       100%        5
 Silence                  Hex/Air        0%         N/A       100%        5
 Summon Forest            Summ/Tloc      0%         N/A       100%        5
 Dispersal                Tloc           0%         N/A       100%        6
 Eringya's Noxious Bog    Tmut/Pois      0%         N/A       100%        6
 Iron Shot                Conj/Erth      0%         9d1       100%        6
 Starburst                Conj/Fire      0%         6d3       100%        6
 Dragon Form              Tmut           0%         N/A       100%        7
 Enfeeble                 Hex            0%         N/A       100%        7
 Summon Hydra             Summ           0%         N/A       100%        7
 Disjunction              Tloc           0%         N/A       100%        8
 Ignition                 Fire           0%         3d3       100%        8
 Lehudib's Crystal Spear  Conj/Erth      0%         10d2      100%        8
 Dragon's Call            Summ           0%         N/A       100%        9


Dungeon Overview and Level Annotations

Branches:
Dungeon (15/15)            Temple (0/1) D:7            Lair (5/5) D:9
 Shoals (4/4) Lair:3       Spider (4/4) Lair:3        Slime (0/5) Lair:5
    Orc (2/2) D:10         Vaults (0/5) D:14         Depths (0/4) D:15
  Sewer (visited)           IceCv (visited)
    Elf: Orc:2

Altars:
Ashenzari
Cheibriados
Dithmenos
Elyvilon
Qazlal
Ru
Sif Muna
Trog
Xom
Yredelemnul
The Shining One
Jiyva

Shops:
D:5 :   D:10 (   D:11 :   Shoals:1 *:

Annotations:
D:3 2 runed translucent doors, Crazy Yiuf; bande's ghost, amateur HOFi
D:9 2 transporters, BiteMe's ghost, novice DsFE
D:10 2 transporters
Lair:5 exclusion: obsidian statue
Shoals:3 4 runed translucent doors, Witt's ghost, adept GrFi


Message History

The tarantella simulacrum hits you but does no damage.
The wolf spider simulacrum hits you!
* * * LOW HITPOINT WARNING * * *
The wolf spider simulacrum freezes you! You resist.
* * * LOW HITPOINT WARNING * * *
The wolf spider simulacrum bites you but does no damage.
Bogric closely misses the culicivora.
Gorm roars a battlecry!
Bogric goes into a battle-frenzy!
The wolf spider hits Gorm!
The wolf spider bites Gorm!
Unknown command.
Unknown command.
Unknown command.
Unknown command.
You feel better.
The tarantella simulacrum barely misses you.
The wolf spider simulacrum hits you but does no damage.
The wolf spider simulacrum misses you.
The redback simulacrum bites you but does no damage.
The wolf spider barely misses Gorm.
The wolf spider bites Gorm but does no damage.
Gorm unwields a +0 arbalest.
Gorm wields the +5 scimitar of Sobladuz {drain, rPois Will+ Str-2}.
You sense an unholy aura.
Gorm hits the wolf spider with the +5 scimitar of Sobladuz {drain, rPois Will+ Str-2}!
Gorm drains the wolf spider.
The tarantella simulacrum barely misses you.
Unknown command.
The redback simulacrum attacks as you move away!
The redback simulacrum bites you.
* * * LOW HITPOINT WARNING * * *
The redback simulacrum freezes you! You resist.
* * * LOW HITPOINT WARNING * * *
The wolf spider hits Gorm.
The wolf spider barely misses Gorm.
The redback simulacrum bites you.
* * * LOW HITPOINT WARNING * * *
The redback simulacrum freezes you! You resist.
* * * LOW HITPOINT WARNING * * *
The wolf spider simulacrum hits you!
You die...

.......#............^..^
.$s^..##...o.^......s...
.#.#...##^....B^....s..
##s###.##...^........##
.. .##....o.....^.# ..
~#^....s......#
#^......Z..s.###
##.....ZZ.......
##.s^.#@.....##
#.[..#......#
##...#...^..^.
#..##.......# ###
##.#.s..# ##..... ...##
..#


You could see an entropy weaver (soul bound, fleeing), a wolf spider (soul
bound, fleeing, drained, ally target), 4 redbacks, a wolf spider simulacrum, 2
redback simulacra, the friendly Bogric the orc warlord (strong) and the friendly
Gorm the orc warlord (strong).

Vanquished Creatures
  An Ice Fiend (IceCv)
  Gastronok (D:9)
  A kraken (Shoals:4)
  2 ghost moths (Spider:4)
  A very ugly thing (IceCv)
  A broodmother (Spider:2)
  2 stone giants
  The ghost of Uvvog the Reanimator, a journeyman GnNe of Gozag (D:12)
  A dire elephant (Lair:5)
  A spark wasp (Spider:1)
  3 merfolk impalers (Shoals:3)
  2 boulder beetles
  A jorogumo (Spider:1)
  A catoblepas (Lair:3)
  4 hydras
  A caustic shrike simulacrum (IceCv)
  A merfolk avatar (Shoals:2)
  A dancing weapon (D:14)
  Erica (D:10)
  4 centaur warriors
  2 death yaks (Lair:1)
  A satyr (Shoals:2)
  3 tengu warriors (D:15)
  2 skeletal warriors (D:13)
  Lodul (D:12)
  A spectral death yak (Lair:5)
  A steelbarb worm (Spider:1)
  2 sea snakes
  A bog body (IceCv)
  4 harpies
  2 obsidian statues (IceCv)
  A spriggan simulacrum (IceCv)
  Pikel (D:7)
  An orc sorcerer (D:11)
  2 necromancers (Lair:5)
  2 wolf spiders
  4 cyclopes
  2 manticores
  2 fauns (Shoals:3)
  2 oklob plants (Lair:1)
  Joseph (D:7)
  An ugly thing (D:15)
  2 centaur zombies (D:10)
  2 merfolk sirens
  9 elephants
  A black mamba (Lair:5)
  2 water nymphs
  Maurice (D:8)
  Maggie (D:10)
  9 cane toads
  2 torpor snails
  A gargoyle (D:11)
  A demonic crawler (Spider:1)
  Psyche (D:9)
  A komodo dragon (Lair:1)
  A kobold demonologist (D:11)
  An unseen horror (D:13)
  An efreet (D:11)
  3 freezing wraiths (IceCv)
  3 anaconda simulacra
  3 trolls
  5 hornets (D:11)
  6 golden dragon simulacra (IceCv)
  3 wind drakes
  A polar bear (Lair:5)
  5 merfolk
  5 slime creatures (D:13)
  5 blink frogs
  7 tarantellas
  A dream sheep (Shoals:2)
  2 snapping turtles
  3 jumping spiders
  Sigmund (D:2)
  3 culicivoras
  34 yaks
  A centaur simulacrum (D:15)
  3 wraiths
  4 wyverns
  A shadow (D:11)
  2 dire elephant simulacra (Shoals:1)
  A basilisk (D:9)
  A yak (shapeshifter) (D:13)
  10 redbacks
  A warg (Orc:1)
  A vampire mosquito (D:12)
  2 acid dragons
  8 water moccasins
  2 hydra simulacra (IceCv)
  2 sky beasts
  A floating eye (Lair:1)
  An ice beast (D:5)
  An orc warrior (D:10)
  2 black bears
  4 ettin simulacra (IceCv)
  12 wolves
  3 alligator simulacra (Shoals:1)
  5 ogres (D:12)
  4 centaurs
  An elephant skeleton (Lair:5)
  A necrophage (D:6)
  7 bullfrogs
  2 gnoll sergeants
  2 deep troll simulacra
  10 wights
  9 killer bees
  2 electric eels
  7 howler monkeys
  A jelly (D:4)
  An iron imp (D:5)
  2 hounds
  3 orc priests
  A gnoll bouda (D:5)
  4 iguanas
  9 orc wizards
  4 hell rats (Lair:3)
  10 adders
  13 gnolls
  2 ufetubi (D:6)
  2 dart slugs (D:1)
  23 orcs
  13 endoplasms
  9 giant cockroaches
  6 goblins
  9 hobgoblins
  2 jackals (D:5)
  9 quokkas
  14 ball pythons
  3 bats
  15 frilled lizards
  12 kobolds
  2 rats (D:1)
478 creatures vanquished.

Vanquished Creatures (collateral kills)
  Rupert (D:12)
  Frances (D:12)
  A titan (Shoals:1)
  Louise (Spider:4)
  3 emperor scorpions
  The ghost of SafestHooves the Brawler, a journeyman CeMo of Okawaru (D:15)
  2 broodmothers
  A stone giant (Shoals:1)
  3 entropy weavers
  A dire elephant (Lair:5)
  3 spark wasps
  2 merfolk impalers
  2 hydras
  A catoblepas (Lair:4)
  3 radroaches
  2 alligator snapping turtles
  The ghost of Palms the Fighter, a novice DrAr of Ru (D:10)
  2 merfolk avatars
  6 boulder beetles
  4 centaur warriors
  A death knight (D:15)
  7 death yaks
  3 two-headed ogres
  2 dancing weapons
  2 satyrs
  5 tengu warriors
  A spectral death yak (Lair:5)
  A spectral anaconda (Lair:5)
  A fire crab (Lair:4)
  5 sea snakes
  5 pharaoh ants
  5 skeletal warriors
  5 orb spiders
  2 sun moths
  6 steelbarb worms
  10 harpies
  2 necromancers (Lair:5)
  14 wolf spiders
  5 ugly things (D:14)
  3 moths of wrath
  13 fauns
  5 cyclopes
  2 oklob plants (Lair:1)
  11 elephants
  5 manticores
  4 merfolk sirens
  2 water nymphs
  A black mamba (Lair:2)
  A torpor snail (Spider:4)
  2 gargoyles
  7 cane toads
  6 demonic crawlers
  A yaktaur (D:15)
  A rime drake (Lair:1)
  4 komodo dragons
  A kobold demonologist (D:11)
  17 merfolk
  A polar bear (Lair:5)
  2 trolls
  13 tarantellas
  2 meliai
  10 blink frogs
  3 slime creatures (D:14)
  7 snapping turtles
  6 dream sheep
  17 jumping spiders
  13 culicivoras
  A dire elephant simulacrum (Lair:5)
  3 wraiths
  3 water elementals
  3 wyverns
  4 basilisks
  A hog (shapeshifter) (D:14)
  8 yaks
  40 redbacks
  Grum (D:9)
  A minotaur simulacrum (Shoals:1)
  A vampire mosquito (D:12)
  A warg (D:14)
  A spectral cane toad (Lair:5)
  An acid dragon (D:11)
  7 water moccasins
  A floating eye (D:11)
  2 orc warriors (Orc:1)
  An elephant zombie (Lair:5)
  An elephant skeleton (Lair:5)
  4 ogres (D:12)
  5 wolves
  5 centaurs
  A kobold brigand (D:11)
  6 bullfrogs
  A scorpion (D:9)
  3 killer bees (Lair:3)
  A lava snake (Lair:5)
  2 orc wizards
  A hell rat (Lair:3)
  2 gnolls (D:9)
  12 orcs
  A kobold (D:11)
  A bush (Lair:1)
  A butterfly (Lair:4)
  2 plants (Shoals:1)
  A withered plant (Lair:5)
413 creatures vanquished.

Vanquished Creatures (others)
  An orc warlord (Spider:4)
  An orc sorcerer (Spider:2)
  An orc high priest (Lair:4)
  4 orc knights
  3 orc wizards
  8 orc warriors
  A jelly (D:5)
  2 orc priests
  An adder (D:5)
  18 orcs
  2 jackals (D:5)
  57 fungi
  103 plants
  4 tentacles (Shoals:4)
  25 withered plants (Lair:5)
231 creatures vanquished.

Grand Total: 1122 creatures vanquished

Notes
Turn   | Place    | Note
-------+----------+-------------------------------------------
     0 | D:1      | ragingrage the Hill Orc Monk began the quest for the Orb.
     0 | D:1      | Reached XP level 1. HP: 19/19 MP: 1/1
   222 | D:1      | Reached XP level 2. HP: 26/26 MP: 2/2
   360 | D:1      | Reached skill level 5 in Axes
   615 | D:1      | Found a faded altar of an unknown god.
   795 | D:1      | Reached XP level 3. HP: 29/31 MP: 3/3
  1127 | D:2      | Found a stormy altar of Qazlal.
  1625 | D:2      | Noticed Sigmund
  1669 | D:2      | Killed Sigmund
  1670 | D:2      | Reached XP level 4. HP: 17/39 MP: 4/4
  1670 | D:2      | Reached XP level 5. HP: 20/45 MP: 5/5
  2170 | D:3      | Found a sacrificial altar of Ru.
  2252 | D:3      | Found a runed translucent door.
  2259 | D:3      | Noticed bande's ghost (amateur HOFi)
  2403 | D:3      | Found a glowing drain.
  2414 | Sewer    | Entered a sewer
  2534 | Sewer    | Reached XP level 6. HP: 51/51 MP: 6/6
  3152 | D:3      | Found a white marble altar of Elyvilon.
  3523 | D:3      | Found a runed translucent door.
  3524 | D:3      | Noticed Crazy Yiuf
  3777 | D:4      | Reached skill level 10 in Axes
  3790 | D:4      | Reached XP level 7. HP: 51/57 MP: 7/7
  4616 | D:5      | Entered Level 5 of the Dungeon
  4631 | D:5      | Found a shadowy altar of Dithmenos.
  4635 | D:5      | Became a worshipper of Beogh the Brigand
  4635 | D:5      | Reached * piety under Beogh
  4635 | D:5      | Reached ** piety under Beogh
  5112 | D:5      | Found a snail-covered altar of Cheibriados.
  5458 | D:5      | Found Louf's Book Shoppe.
  5551 | D:5      | Reached skill level 1 in Invocations
  5551 | D:5      | Reached XP level 8. HP: 54/64 MP: 7/9
  5781 | D:5      | Found a shimmering blue altar of Sif Muna.
  6033 | D:6      | Found a glowing golden altar of the Shining One.
  6092 | D:6      | Found a broken altar of Ashenzari.
  7107 | D:7      | Noticed Joseph
  7435 | D:7      | Found a staircase to the Ecumenical Temple.
  7444 | D:7      | Noticed Pikel
  7462 | D:7      | Killed Pikel
  7463 | D:7      | Reached skill level 5 in Invocations
  7463 | D:7      | Reached skill level 4 in Fighting
  7463 | D:7      | Reached skill level 1 in Armour
  7463 | D:7      | Reached XP level 9. HP: 71/71 MP: 5/13
  7623 | D:7      | Killed Joseph
  7624 | D:7      | Reached skill level 5 in Fighting
  8468 | D:8      | Reached skill level 6 in Fighting
  8487 | D:8      | Reached skill level 5 in Armour
  8494 | D:8      | Reached skill level 7 in Fighting
  8494 | D:8      | Reached XP level 10. HP: 36/86 MP: 15/15
  9195 | D:8      | Noticed Maurice
  9218 | D:8      | Killed Maurice
  9219 | D:8      | Reached skill level 8 in Fighting
 10268 | D:9      | Reached skill level 9 in Fighting
 10278 | D:9      | Noticed Psyche
 11193 | D:9      | Found a transporter.
 11217 | D:8      | Reached skill level 10 in Fighting
 11618 | D:8      | Reached XP level 11. HP: 91/99 MP: 16/16
 11654 | D:9      | Noticed Gastronok
 11887 | D:9      | Killed Psyche
 11887 | D:9      | Reached *** piety under Beogh
 12028 | D:10     | Entered Level 10 of the Dungeon
 12028 | D:10     | Noticed a cyclops
 12034 | D:10     | Killed a cyclops
 12135 | D:11     | Noticed a boulder beetle
 12136 | D:11     | Noticed a cyclops
 12168 | D:10     | Found a transporter.
 12221 | D:10     | Noticed Maggie
 12232 | D:10     | Killed Maggie
 12582 | D:10     | Reached skill level 15 in Axes
 13115 | D:9      | Noticed Erica
 13117 | D:9      | Noticed Grum
 13231 | D:10     | Killed Erica
 13490 | D:10     | Found a transporter.
 13604 | D:10     | Found a staircase to the Orcish Mines.
 13722 | D:10     | Found Efor's Weapon Shop.
 13865 | D:10     | Found a runed translucent gate.
 13865 | D:10     | Found a runed translucent gate.
 13865 | D:10     | Found a runed translucent gate.
 13865 | D:10     | Noticed Palms's ghost (novice DrAr)
 13867 | D:10     | Found a basalt altar of Yredelemnul.
 13891 | D:10     | Reached skill level 11 in Fighting
 14223 | D:11     | Noticed an orc sorcerer
 14227 | D:11     | Killed an orc sorcerer
 14236 | D:11     | Paralysed by a floating eye for 3 turns
 14257 | D:11     | Reached **** piety under Beogh
 14265 | D:11     | Reached skill level 12 in Fighting
 14271 | D:11     | Killed a cyclops
 14335 | D:11     | Noticed a two-headed ogre
 14339 | D:11     | Killed a two-headed ogre
 14645 | D:11     | Killed a boulder beetle
 14989 | D:11     | Found Qesoll's Book Emporium.
 15006 | D:11     | Gained Agrik as an ally
 15007 | D:11     | Reached skill level 13 in Fighting
 15008 | D:11     | Identified the +7 mace of Peiniyqu {drain, Will+ Int+6}
 15232 | D:11     | Noticed a two-headed ogre
 15240 | D:11     | Killed a two-headed ogre
 15241 | D:11     | Reached XP level 12. HP: 106/115 MP: 17/17
 15318 | D:11     | Noticed Sonja
 15325 | D:11     | Noticed Sonja
 15325 | D:11     | Sonja changed into Sonja the wolf
 15328 | D:11     | Killed Sonja the wolf
 15328 | D:11     | Your ally Agrik died
 15500 | D:11     | Reached skill level 14 in Fighting
 15798 | D:11     | Noticed a sun demon
 16649 | D:9      | Killed Gastronok
 16650 | D:9      | Reached skill level 15 in Fighting
 16705 | D:9      | Found a transporter.
 16706 | D:9      | Noticed a two-headed ogre
 16711 | D:9      | Noticed BiteMe's ghost (novice DsFE)
 16714 | D:9      | Killed Grum
 16863 | D:9      | Noticed a tengu warrior
 16874 | D:9      | Found a bloodstained altar of Trog.
 16903 | D:9      | Found a staircase to the Lair.
 16924 | D:9      | Reached skill level 1 in Evocations
 17042 | D:9      | Killed a two-headed ogre
 17295 | Lair:1   | Entered Level 1 of the Lair of Beasts
 17772 | Lair:1   | Noticed a death yak
 17773 | Lair:1   | Noticed a death yak
 17781 | Lair:1   | Noticed a death yak
 17786 | Lair:1   | Killed a death yak
 17789 | Lair:1   | Killed a death yak
 17791 | Lair:1   | Killed a death yak
 18674 | Lair:2   | Noticed a five-headed hydra
 18681 | Lair:2   | Killed a five-headed hydra
 18682 | Lair:2   | Reached XP level 13. HP: 112/127 MP: 19/19
 18800 | Lair:2   | Reached skill level 10 in Armour
 20078 | Lair:3   | Reached ***** piety under Beogh
 20089 | Lair:3   | Found a hole to the Spider Nest.
 20436 | Lair:3   | Reached skill level 16 in Fighting
 20444 | Lair:3   | Gained Ugbert as an ally
 20606 | Lair:3   | Found a staircase to the Shoals.
 20948 | Lair:4   | Reached skill level 5 in Evocations
 21116 | Lair:3   | Reached skill level 10 in Invocations
 21342 | Lair:4   | Gained Olfik as an ally
 21905 | Lair:4   | Identified the +2 mace "Pawnoerocw" {freeze, rF+ Dex+3}
 22444 | Lair:5   | Entered Level 5 of the Lair of Beasts
 22651 | Lair:5   | Reached XP level 14. HP: 107/138 MP: 22/22
 23145 | Lair:5   | Noticed a dire elephant
 23145 | Lair:5   | Noticed a dire elephant
 23148 | Lair:5   | Killed a dire elephant
 23525 | Lair:5   | Killed a dire elephant
 23527 | Lair:5   | Reached skill level 17 in Fighting
 24276 | Lair:5   | Identified the +8 halberd of Bacip {antimagic, rElec rF++
                  | rN+++ Dex-2}
 24618 | Lair:5   | Found a viscous altar of Jiyva.
 24625 | Lair:5   | Found a staircase to the Slime Pits.
 25253 | D:10     | Killed Palms's ghost
 25319 | D:12     | You fall into a shaft and drop 2 floors!
 25334 | D:12     | Noticed Frances
 25337 | D:12     | Killed Frances
 25400 | D:12     | Found a runed translucent door.
 25400 | D:12     | Found a shimmering altar of Xom.
 25400 | D:12     | Noticed Uvvog's ghost (journeyman GnNe)
 25428 | D:12     | Killed Uvvog's ghost
 25729 | D:12     | Noticed Lodul
 25737 | D:12     | Killed Lodul
 25832 | D:12     | Noticed Rupert
 25835 | D:12     | Paralysed by Rupert for 4 turns
 25836 | D:12     | Killed Rupert
 26619 | D:13     | Reached skill level 18 in Fighting
 27346 | D:13     | Gained Korbok as an ally
 27824 | D:13     | Gained Bogric as an ally
 27831 | D:13     | Reached XP level 15. HP: 106/150 MP: 19/25
 28242 | D:14     | Found a gate to the Vaults.
 29047 | D:15     | Entered Level 15 of the Dungeon
 29163 | D:15     | Reached skill level 19 in Fighting
 29163 | D:15     | Reached skill level 15 in Invocations
 30237 | D:15     | Noticed SafestHooves's ghost (journeyman CeMo)
 30240 | D:15     | Found a runed translucent door.
 30656 | D:15     | Found a staircase to the Depths.
 30994 | D:15     | Killed SafestHooves's ghost
 31335 | Shoals:1 | Entered Level 1 of the Shoals
 31341 | Shoals:1 | Reached skill level 20 in Fighting
 31506 | Shoals:1 | Found Ferauc's Fabulous Fripperies.
 31543 | Shoals:1 | Bought a manual of Fighting for 1440 gold pieces
 31543 | Shoals:1 | Bought a scroll of fear for 72 gold pieces
 31543 | Shoals:1 | Bought a scroll of fog for 72 gold pieces
 31786 | Shoals:1 | Found a frozen archway.
 31794 | Shoals:1 | Your ally Ugbert died
 32118 | IceCv    | Entered an ice cave
 32516 | IceCv    | Reached ****** piety under Beogh
 32664 | IceCv    | HP: 4/155 [golden dragon simulacrum (21)]
 35875 | IceCv    | Noticed an Ice Fiend
 35879 | IceCv    | Killed an Ice Fiend
 36387 | Shoals:1 | Found Erchouv's Book Emporium.
 36834 | Shoals:1 | Noticed a titan
 36897 | Shoals:1 | Killed a titan
 36898 | Shoals:1 | Reached XP level 16. HP: 148/165 MP: 27/27
 38053 | Shoals:2 | Reached skill level 5 in Dodging
 38563 | Shoals:3 | Gained Gorm as an ally
 38690 | Shoals:3 | Found a runed translucent gate.
 38690 | Shoals:3 | Found a runed translucent gate.
 38690 | Shoals:3 | Found a runed translucent gate.
 39607 | Shoals:3 | Found a runed translucent door.
 39608 | Shoals:3 | Found a shimmering altar of Xom.
 39608 | Shoals:3 | Noticed Witt's ghost (adept GrFi)
 40167 | Shoals:3 | Reached skill level 21 in Fighting
 40310 | Shoals:3 | HP: 6/167 [merfolk/+0 trident[a merfolk impaler] (14)]
 41087 | Shoals:4 | Entered Level 4 of the Shoals
 41087 | Shoals:4 | Noticed a kraken
 41092 | Shoals:4 | Killed a kraken
 41512 | Spider:1 | Entered Level 1 of the Spider Nest
 42305 | Orc:1    | Entered Level 1 of the Orcish Mines
 43578 | Spider:1 | Reached skill level 1 in Shields
 43744 | Spider:1 | Identified the +5 scimitar of Sobladuz {drain, rPois Will+
                  | Str-2}
 44309 | Spider:2 | Reached XP level 17. HP: 126/176 MP: 25/29
 44353 | Spider:2 | Your ally Korbok died
 45300 | Spider:3 | Reached skill level 22 in Fighting
 45840 | Orc:2    | Entered Level 2 of the Orcish Mines
 46489 | Spider:4 | Entered Level 4 of the Spider Nest
 47025 | Spider:4 | Killed Louise
 47031 | Spider:4 | Your ally Olfik died
 47385 | Spider:4 | HP: 6/178 [redback simulacrum (6)]
 47385 | Spider:4 | Slain by a wolf spider simulacrum

Illustrated notes

Levels and vault maps discovered:
D:1:      amcnicky_arrival_single_pillar, layout_basic,
          ebering_ecumenical_altar_petrified
D:2:      layout_loops_ring, basic_altar, serial_rivers,
          chequers_serial_rivers_large_a, chequers_serial_rivers_large_b,
          chequers_serial_rivers_micro_d, chequers_serial_rivers_micro_c,
          chequers_serial_rivers_micro_a, chequers_serial_rivers_marsh,
          serial_bayou_pond_a, uniq_sigmund
D:3:      layout_loops_ring, nicolae_overflow_crystal_walls,
          nicolae_elyvilon_peaceful_grove, ebering_ghost_sewer_d,
          portal_sewer_entry_d, uniq_crazy_yiuf_cottage
D:4:      minmay_chambers_of_twos, layout_basic
D:5:      layout_loops_cross, nicolae_sif_muna_condensation, slow_altar_1,
          nicolae_dithmenos_shadow_blocks, serial_shops,
          nicolae_shop_advertising_works [nicolae_subvault_shop_adworks]
D:6:      layout_basic, ashenzari_conservatory_becter, tso_altar,
          nicolae_benzene_ring, dk_rats_in_the_wall
D:7:      layout_gridville, minmay_temple_entry_glass,
          minmay_misc_feat_nine_boxes, uniq_joseph, uniq_pikel
D:8:      layout_basic, serial_co_window_serial, co_window_paths_a,
          co_window_paths_b, co_window_paths_b, co_window_paths_a,
          co_window_of_opportunity_a, co_window_broadway_c,
          co_window_broadway_a, co_window_unsneaky_path_d, co_window_broadway_a,
          co_window_paths_e, co_window_4corner_a, glass_columns_b,
          glass_columns_b, glass_columns_a, glass_columns_c, glass_columns_a,
          uniq_maurice
D:9:      layout_small_grid, minmay_lair_entry_grove, serial_glass,
          glass_columns_b, glass_columns_a, glass_columns_b, glass_columns_a,
          glass_columns_c, glass_columns_a, glass_columns_a, glass_columns_a,
          gammafunk_ghost_wrathful_warriors, grunt_ministairs_13, uniq_erica,
          uniq_psyche, uniq_gastronok, uniq_grum
D:10:     gammafunk_worm_tunnel, layout_layer_cave,
          nicolae_yredelemnul_ghost_church, hiddenorc2_lemuel, serial_shops,
          nicolae_lakefront_shop, uniq_maggie
D:11:     hellmonk_paralyzer, layout_grid_maze, serial_shops,
          nicolae_shop_behind_doors, kennysheep_generic_room_5, uniq_sonja
D:12:     layout_grid_maze, ebering_ghost_xom, uniq_rupert, uniq_lodul,
          uniq_frances
D:13:     layout_loops_corners
D:14:     layout_big_octagon, erik_vaults_1, infiniplex_staircase_x
D:15:     grunt_enter_depths_snipers, layout_rooms, serial_bayou_pond_b,
          hellmonk_ghost_happy_afterlife
Lair:1:   layout_chaotic_city, disabler_island, infiniplex_staircase_pool
Lair:2:   layout_hall_layers
Lair:3:   layout_big_grid, elwin_shoals_entry_stream,
          hellmonk_spider_entry_not_the_bees
Lair:4:   layout_big_grid, nicolae_lair_grazing_beasts
          [nicolae_sub_lair_graze_edge, nicolae_sub_lair_graze_edge,
          nicolae_sub_lair_graze_edge, nicolae_sub_lair_graze_edge],
          grunt_megastairs_3, lemuel_fruit_fields
Lair:5:   due_jungle_book, layout_gridlike, dpeg_slime_entry_corner,
          lemuel_fruit_tree
Shoals:1: cheibrodos_shoals_gigantism, layout_shoals,
          portal_ice_cave_entry_ice_simulacra, serial_shops,
          nicolae_lakefront_shop, nicolae_alphabet_shops
Shoals:2: layout_shoals
Shoals:3: layout_shoals, ebering_ghost_xom, nicolae_shoals_beach_cooler
Shoals:4: shoals_end_hellmonk_lost_city
Spider:1: layout_cave_pods, drop_trap, nicolae_spider_spiderdrome
Spider:2: layout_spider_delve
Spider:3: layout_chambers, nicolae_spider_cling_halls
Spider:4: hellmonk_spider_rune_endless_swarm,
          hangedman_spider_tarantella_strand, uniq_louise
Orc:1:    layout_diamond_mine
Orc:2:    grunt_orc_tribal_feast, layout_caves

Skill      XL: |  1  2  3  4  5  6  7  8  9 10 11 12 13 14 15 16 17 |
---------------+----------------------------------------------------+-----
Axes           | 5 8 10 12 14 16 17 | 17.9
Invocations    | 1 5 7 8 10 14 15 16 17 | 17.2
Fighting       | 4 7 10 13 15 16 18 20 21 22 | 22.4
Armour         | 1 5 8 9 11 12 13 | 13.9
Evocations     | 3 6 7 9 |  9.0
Dodging        | 3 4 6 |  6.0
Shields        | 1 4 |  4.4
Stealth        | |  1.5

Action                   |  1- 3 |  4- 6 |  7- 9 | 10-12 | 13-15 | 16-18 || total
-------------------------+-------+-------+-------+-------+-------+-------++-------
Melee: Hand axe          |   101 |   210 |   331 |    87 |     3 |       ||   732
       Punch             |       |     4 |     4 |    10 |    11 |     5 ||    34
       War axe           |       |       |       |   448 |   708 |   367 ||  1523
       Unarmed           |       |       |       |     1 |       |       ||     1
       Mace              |       |       |       |     4 |     6 |       ||    10
       Scimitar          |       |       |       |       |    11 |       ||    11
Throw: Javelin           |       |     2 |     1 |       |     4 |     3 ||    10
       Dart              |       |       |     1 |     8 |     3 |     2 ||    14
Invok: Convert to Beogh  |       |       |     1 |       |       |       ||     1
       Smiting           |       |       |     2 |     9 |    19 |    13 ||    43
       Recall Orcish Fol |       |       |       |     3 |    16 |    27 ||    46
       Give Item to Name |       |       |       |       |     3 |     2 ||     5
Evoke: Wand              |       |       |       |     2 |     2 |     5 ||     9
       Phial of floods   |       |       |       |       |     2 |       ||     2
       Phantom mirror    |       |       |       |       |     1 |     1 ||     2
  Use: Potion            |     4 |       |     1 |     1 |     7 |     6 ||    19
       Scroll            |       |       |       |    16 |     8 |     6 ||    30
 Stab: Sleeping          |     3 |       |       |       |       |       ||     3
       Distracted        |       |       |       |     5 |     5 |     5 ||    15
       Confused          |       |       |       |     3 |       |       ||     3
       Paralysed         |       |       |       |       |     2 |     1 ||     3
Armor: Robe              |     3 |     3 |       |       |       |       ||     6
       Ring mail         |    17 |       |       |       |       |       ||    17
       Chain mail        |       |   104 |   137 |   130 |    10 |   279 ||   660
       Swamp dragon scal |       |       |       |   117 |    37 |       ||   154
       Plate armour      |       |       |       |       |   393 |       ||   393
Dodge: Dodged            |    56 |    71 |    71 |   251 |   321 |   256 ||  1026
Block: Kite shield       |       |       |       |       |       |    84 ||    84
